 Dungeon Crawl Stone Soup version 0.31-a0-1074-g0b22e4e0f1 (webtiles) character file.

Game seed: 5862650518369276401

12849 drugrobin the Bludgeoner (level 11, -12/84 HPs)
             Began as a Demigod Delver on Dec 7, 2023.
             Mangled by an orc knight
             ... wielding a +1 long sword
              (27 damage)
             ... on level 2 of the Orcish Mines.
             The game lasted 00:35:16 (12197 turns).

drugrobin the Bludgeoner (Demigod Delver)          Turns: 12197, Time: 00:35:16

Health: -12/84     AC: 14    Str: 25    XL:     11   Next: 41%
Magic:  0/18       EV: 12    Int: 12    God:
Gold:   732        SH:  0    Dex: 15    Spells: 10/15 levels left

rFire   . . .        a - +9 staff of Olgreb {rPois∞}
rCold   . . .        l - orb {light}
rNeg    . . .        w - +0 troll leather armour
rPois   ∞            h - +2 helmet
rElec   .            L - +0 cloak
rCorr   .            (no gloves)
SInv    .            i - +2 pair of boots
Will    ++...        O - amulet of guardian spirit
Stlth   +            A - ring of willpower
HPRegen 1.14/turn    K - +4 ring of protection
MPRegen 0.16/turn

%: guardian spirit
@: glowing
A: high MP 1, forlorn, divine attributes
a: Evoke the Staff of Olgreb


You were on level 2 of the Orcish Mines.
You visited 2 branches of the dungeon, and saw 11 of its levels.
You also visited: Ossuary and Bailey.

You collected 1040 gold pieces.
You spent 308 gold pieces at shops.

Inventory:

Hand Weapons
 a - the +9 staff of Olgreb (weapon) {rPois∞}
   (You found it on level 8 of the Dungeon)

   Radiate:   It can be activated via the 'a'bility menu to radiate toxic
   energy, with effectiveness depending on Evocations skill.
   Pois:      It enhances your poison magic.
   rPois∞: It grants immunity to poison.
 b - a +0 morningstar
 c - a +1 flail of draining
 d - a +2 hand axe of freezing
 e - a +0 sling
 f - a +1 dagger of venom
 m - a +3 heavy hand axe
Missiles
 H - a curare-tipped dart
Armour
 h - a +2 helmet (worn)
 i - a +2 pair of boots (worn)
 l - an orb of light (worn)
 w - a +0 troll leather armour (worn)
 I - a +0 kite shield
 L - a +0 cloak (worn)
 W - a +2 leather armour of cold resistance
Jewellery
 v - a ring of resist corrosion
 A - a ring of willpower (left hand)
 K - a +4 ring of protection (right hand)
 O - an amulet of guardian spirit (around neck)
Wands
 g - a wand of digging (3)
 j - a wand of roots (16)
 G - a wand of polymorph (3)
 R - a wand of mindburst (4)
Scrolls
 n - 3 scrolls of enchant weapon {unknown}
 o - 9 scrolls of teleportation
 q - 3 scrolls of poison
 t - a scroll of immolation {unknown}
 u - 2 scrolls of acquirement {unknown}
 x - 12 scrolls of identify
 y - 3 scrolls of enchant armour {unknown}
 z - a scroll of butterflies
 B - 3 scrolls of vulnerability {unknown}
 D - 2 scrolls of torment {unknown}
 E - 2 scrolls of fog
 Q - 2 scrolls of blinking
 T - a scroll of revelation
Potions
 k - 3 potions of enlightenment
 p - 2 potions of degeneration {unknown}
 r - a potion of berserk rage {unknown}
 s - a potion of heal wounds {unknown}
 C - 2 potions of mutation {unknown}
 F - 2 potions of invisibility {unknown}
 J - a potion of ambrosia {unknown}
 M - 2 potions of brilliance {unknown}
 N - a potion of attraction {unknown}
 P - a potion of curing
 S - a potion of haste
 V - a potion of magic {unknown}


   Skills:
 + Level 4.1 Fighting
 - Level 16.0 Maces & Flails
 - Level 1.7 Dodging
 - Level 4.5 Stealth
 * Level 2.5 Spellcasting
 + Level 4.1 Evocations


You had 10 spell levels left.
You knew the following spells:

 Your Spells              Type           Power      Damage    Failure   Level
a - Call Imp              Summ           2%         N/A       41%         2
b - Mephitic Cloud        Conj/Pois/Air  2%         N/A       65%         3

Your spell library contained the following spells:

 Spells                   Type           Power      Damage    Failure   Level
 Magic Dart               Conj           4%         1d3       30%         1
 Necrotise                Necr           4%         1d4       30%         1
 Vampiric Draining        Necr           1%         2d6       65%         3
 Agony                    Necr           1%         N/A       100%        5
 Alistair's Intoxication  Tmut/Pois      1%         N/A       100%        5
 Borgnjor's Vile Clutch   Necr/Erth      0%         N/A       100%        5
 Eringya's Noxious Bog    Tmut/Pois      1%         4d6       100%        6


Dungeon Overview and Level Annotations

Branches:
Dungeon (9/15)             Temple (0/1) D:7            Lair (0/5) D:8
    Orc (2/2) D:9         Ossuary (visited)          Bailey (visited)
    Elf: Orc:2

Shops:
D:9 =?(?(   Orc:1 (

Portals:
Abyss: D:8

Annotations:
D:8 2 transporters, BigPumpCobain's ghost, novice MiBe
D:9 1 runed translucent door


Innate Abilities, Weirdness & Mutations

You have an increased reservoir of magic. (+10% MP)
You shall have no god before yourself.
Your divine heritage dramatically boosts your attributes as you level up.


Message History

An orc warrior comes into view. It is wielding a +0 flail.
Unknown command.
Unknown command.
You begin to radiate toxic energy.
The orc warrior shouts!
The orc warrior is poisoned.
The orc knight looks even sicker.
You hear a shout! x2
The orc knight misses you.
Unknown command.
Unknown command.
Your toxic aura wanes.
The orc warrior unwields a +0 flail.
The orc warrior wields a +0 orcbow.
The orc warrior shoots an arrow.
The arrow hits you!
The orc knight attacks as it pursues you!
The orc knight hits you with a +0 great mace!!!
An orc warrior comes into view.
It is wielding a +2 scimitar of protection.
The orc warrior shouts!
Items here: )) [[ ÷.
Unknown command.
Unknown command.
The orc knight looks more healthy.
The orc warrior throws a boomerang.
The boomerang closely misses you.
The orc knight roars a battlecry!
The orc warrior goes into a battle-frenzy!
Unknown command.
Unknown command.
An orc knight comes into view. It is wielding a +0 bardiche.
You see here a +1 vampiric dagger.
Unknown command.
Unknown command.
The orc knight hits you with a +1 long sword!!
* * * LOW HITPOINT WARNING * * *
The orc knight roars a battlecry!
There is a stone staircase leading up, spattered with blood here.
Unknown command.
Unknown command.
Unknown command.
Unknown command.
The orc knight hits you with a +1 long sword!!
You die...

#....#
.....###'
##....o...
#.[[..# '
####[...#
##.#)[[..#
#...#[#..#
##.##o...#
##@o.[..[##
#..).....o...
##...$.......
.........#...
#...........#..
##.............
#............
.............
....##.......


You could see 2 orc knights and an orc warrior (strong).

Vanquished Creatures
  2 vault guards (Bailey)
  A two-headed ogre (Orc:1)
  An orc knight (Orc:1)
  2 komodo dragons (D:8)
  A merfolk (D:8)
  3 trolls
  Prince Ribbit (Bailey)
  A wyvern (D:7)
  A steam dragon (D:9)
  10 yaks
  5 humans (Bailey)
  4 wargs
  An acid dragon (D:8)
  15 orc warriors
  An ice beast (D:8)
  A black bear (D:4)
  2 sky beasts
  3 centaurs
  4 ogres
  2 phantoms
  An elf zombie (Ossuary)
  2 kobold brigands (D:9)
  12 bullfrogs
  5 scorpions
  5 wights (D:9)
  10 killer bees (D:9)
  A gnoll bouda (D:6)
  4 hounds
  18 orc priests
  2 jellies
  2 iguanas (D:5)
  2 sleepcaps
  Terence (D:2)
  18 orc wizards
  2 mummies (Ossuary)
  4 gnolls (D:6)
  8 adders
  3 white imps (D:6)
  3 dart slugs
  A worm (D:3)
  66 orcs
  3 endoplasms
  3 giant cockroaches
  17 goblins
  10 hobgoblins
  6 quokkas
  12 ball pythons
  5 bats
  2 frilled lizards
  6 gnoll zombies (Ossuary)
  4 goblin zombies (Ossuary)
  2 hobgoblin zombies (Ossuary)
  15 kobolds
  An orc zombie (Ossuary)
  4 rats
321 creatures vanquished.

Notes
Turn   | Place    | Note
-------+----------+-------------------------------------------
     0 | D:5      | drugrobin the Demigod Delver began the quest for the Orb.
     0 | D:5      | Reached XP level 1. HP: 18/18 MP: 3/3
     3 | D:5      | Noticed an iguana
   196 | D:5      | Noticed a sleepcap
   237 | D:5      | Noticed a phantom
   273 | D:4      | Noticed an orc priest
   359 | D:3      | Reached skill level 2 in Maces & Flails
   359 | D:3      | Reached skill level 1 in Evocations
   539 | D:3      | Reached XP level 2. HP: 25/25 MP: 4/4
   556 | D:3      | Reached XP level 3. HP: 26/30 MP: 5/5
   941 | D:2      | Noticed Terence
  1455 | D:1      | Reached XP level 4. HP: 35/37 MP: 6/6
  1570 | D:2      | Killed Terence
  1728 | D:1      | Reached skill level 3 in Maces & Flails
  2437 | D:3      | Reached XP level 5. HP: 7/42 MP: 7/7
  2440 | D:3      | HP: 2/42 [orc/+0 club (3)]
  2618 | D:4      | Reached skill level 4 in Maces & Flails
  2646 | D:4      | Noticed a black bear
  2875 | D:4      | Reached XP level 6. HP: 36/50 MP: 8/8
  2947 | D:4      | Reached skill level 5 in Maces & Flails
  3460 | D:5      | Identified the +3 plate armour of Hepliaklqana {rPois rF-
                  | MP+9 Int+4}
  3808 | D:5      | Reached skill level 6 in Maces & Flails
  3808 | D:5      | Reached XP level 7. HP: 27/56 MP: 9/9
  4702 | D:6      | Reached skill level 7 in Maces & Flails
  5065 | D:6      | Found a sand-covered staircase.
  5069 | Ossuary  | Entered an ossuary
  5130 | Ossuary  | Reached skill level 8 in Maces & Flails
  5130 | Ossuary  | Reached XP level 8. HP: 59/62 MP: 10/10
  5808 | D:6      | Reached skill level 9 in Maces & Flails
  6336 | D:7      | Found a staircase to the Ecumenical Temple.
  6840 | D:7      | Reached skill level 10 in Maces & Flails
  7198 | D:8      | Noticed a komodo dragon
  7210 | D:7      | Reached XP level 9. HP: 26/68 MP: 6/11
  7442 | D:8      | Killed a komodo dragon
  7443 | D:8      | Reached skill level 11 in Maces & Flails
  7628 | D:8      | Noticed a two-headed ogre
  7653 | D:7      | Reached skill level 12 in Maces & Flails
  7655 | D:7      | HP: 1/68 [yak (11)]
  7945 | D:8      | a two-headed ogre changed into a merfolk
  8141 | D:8      | Found a one-way gate to the infinite horrors of the Abyss.
  8141 | D:8      | Noticed BigPumpCobain's ghost (novice MiBe)
  8153 | D:8      | Found a transporter.
  8192 | D:8      | Noticed a komodo dragon
  8215 | D:8      | Killed a komodo dragon
  8233 | D:8      | Found a transporter.
  8254 | D:8      | Found a staircase to the Lair.
  8328 | D:8      | Found the +9 staff of Olgreb {rPois∞}
  8584 | D:9      | Reached skill level 13 in Maces & Flails
  8611 | D:9      | Reached XP level 10. HP: 73/74 MP: 2/13
  8621 | D:9      | HP: 1/74 [yak (13)]
  8914 | D:9      | Found a flagged portal.
  8924 | Bailey   | Entered a bailey
  9164 | Bailey   | Reached skill level 14 in Maces & Flails
  9257 | Bailey   | Noticed a vault guard
  9275 | Bailey   | Killed a vault guard
  9325 | Bailey   | Noticed Prince Ribbit
  9325 | Bailey   | Noticed a vault guard
  9361 | Bailey   | Killed Prince Ribbit
  9368 | Bailey   | Killed a vault guard
  9546 | D:9      | Found a staircase to the Orcish Mines.
  9718 | D:9      | Reached skill level 15 in Maces & Flails
  9946 | D:9      | Found a runed translucent door.
  9947 | D:9      | Noticed a sixfirhy
  9994 | D:9      | Found Achin's Weapon Shop.
 10229 | D:9      | Found Qomupyla's Magic Scroll Shop.
 10237 | D:9      | Bought a scroll of teleportation for 42 gold pieces
 10237 | D:9      | Bought a scroll of identify for 28 gold pieces
 10237 | D:9      | Bought a scroll of butterflies for 56 gold pieces
 10237 | D:9      | Bought a scroll of poison for 56 gold pieces
 10243 | D:9      | Found Eseck's Jewellery Emporium.
 10428 | D:9      | Found Heewyr's Weapon Emporium.
 10464 | D:9      | Found Tunkey's Magic Scroll Boutique.
 10467 | D:9      | Bought a scroll of amnesia for 44 gold pieces
 10467 | D:9      | Bought a scroll of blinking for 82 gold pieces
 10617 | Orc:1    | Entered Level 1 of the Orcish Mines
 10617 | Orc:1    | Found Bopnyc's Weapon Shoppe.
 10629 | D:9      | Reached XP level 11. HP: 50/81 MP: 4/14
 10858 | D:9      | Learned a level 2 spell: Call Imp
 10862 | D:9      | Learned a level 3 spell: Mephitic Cloud
 11615 | Orc:2    | Entered Level 2 of the Orcish Mines
 11616 | Orc:2    | Noticed a two-headed ogre
 11666 | Orc:1    | Killed a two-headed ogre
 11667 | Orc:1    | Reached skill level 16 in Maces & Flails
 11789 | Orc:2    | Reached skill level 1 in Spellcasting
 11926 | Orc:2    | Noticed an orc knight
 11954 | Orc:1    | Killed an orc knight
 12085 | Orc:2    | Noticed an orc knight
 12090 | Orc:2    | Noticed an orc knight
 12195 | Orc:2    | Noticed an orc knight
 12197 | Orc:2    | Mangled by an orc knight

Illustrated notes

Levels and vault maps discovered:
D:1:      dpeg_arrival_chambers_temple_mockup, layout_rooms
D:2:      layout_basic, serial_aquarium, aquarium_bridge_straight
          [aquarium_subvault_bridge, aquarium_subvault_window,
          aquarium_subvault_bridge, aquarium_subvault_window],
          aquarium_window_corner, aquarium_window_1, aquarium_window_1,
          aquarium_window_fake, aquarium_view_2b, uniq_terence
D:3:      layout_loops_cross, nicolae_overflow_crystal_walls
D:4:      layout_cave_pools
D:5:      layout_gridville, mainiacjoe_overflow_paths
D:6:      layout_basic, nicolae_ossuary_entry_false_entrances
D:7:      layout_loops_ring, grunt_temple_overflow_open,
          minmay_temple_entry_overgrown
D:8:      layout_cave_pools, grunt_lair_entry_orc_guard_hut,
          gammafunk_ghost_abyssal_escape, minivault_1
D:9:      cheibrodos_shockbox, layout_irregular_city, david_orc_5,
          enter_bailey_3, serial_shops, shop, nicolae_shop_bloodbath_and_beyond,
          nicolae_take_the_stairs, nicolae_shop_rolled_up,
          kennysheep_little_box, serial_column_ruins, column_ruins_hut,
          column_ruins_open_tiny_water, column_ruins_grid_1,
          column_ruins_open_tiny_water, column_ruins_columns_straight
Orc:1:    layout_caves, serial_shops, nicolae_shop_crystal, minmay_orc_temple_a
Orc:2:    st_orc_town, layout_caves, nooodl_orcs_dogs

Skill      XL: |  1  2  3  4  5  6  7  8  9 10 11 |
---------------+----------------------------------+-----
Maces & Flails | 2 3 4 6 8 10 13 15 16 | 16.0
Evocations     | 1 2 3 4 |  4.1
Fighting       | 4 |  4.1
Spellcasting   | 2 |  2.5
Dodging        | |  1.7
Stealth        | |  4.5

Action                     |  1- 3 |  4- 6 |  7- 9 | 10-12 || total
---------------------------+-------+-------+-------+-------++-------
  Melee: Mace              |   108 |   166 |    44 |       ||   318
         Dagger            |       |     6 |       |       ||     6
         Flail             |       |       |   241 |       ||   241
         Hand axe          |       |       |    16 |     6 ||    22
         Morningstar       |       |       |    94 |    91 ||   185
         Staff             |       |       |     9 |   187 ||   196
   Fire: Sling             |       |       |     3 |       ||     3
  Throw: Throwing net      |       |       |     2 |       ||     2
         Dart              |       |       |       |     2 ||     2
Ability: Evoke the Staff o |       |       |     4 |    41 ||    45
  Evoke: Wand              |       |       |     3 |     2 ||     5
    Use: Potion            |       |     2 |     1 |     1 ||     4
         Scroll            |       |       |     2 |       ||     2
   Stab: Sleeping          |     3 |       |       |       ||     3
         Held in net/web   |       |       |     3 |       ||     3
 Armour: Leather armour    |    84 |       |       |       ||    84
         Robe              |     2 |    20 |       |       ||    22
         Chain mail        |       |   131 |   271 |       ||   402
         Plate armour      |       |       |   144 |   153 ||   297
         Troll leather arm |       |       |       |    97 ||    97
  Dodge: Dodged            |   106 |    92 |   155 |   115 ||   468

Table legend: (Time is in decaauts)
 A = Elapsed time spent in this place.
 B = Non-inter-level travel time spent in this place.
 C = Inter-level travel time spent in this place.
 D = Time resting spent in this place.
 E = Time spent auto-exploring this place.
 F = Levels seen in this place.
 G = Mean time per level.
                   A        B        C        D        E       F      G
               +--------+--------+--------+--------+--------+-----+--------+
         Total |  12171 |  11774 |    397 |   2205 |   6453 |  13 |  936.2 |
       Dungeon |  10015 |   9644 |    371 |   1863 |   5338 |   9 | 1112.8 |
  Orcish Mines |   1357 |   1331 |     26 |    169 |    791 |   2 |  678.5 |
       Ossuary |    231 |    231 |      0 |      0 |    111 |   1 |  231.0 |
        Bailey |    567 |    567 |      0 |    173 |    213 |   1 |  567.0 |
               +--------+--------+--------+--------+--------+-----+--------+

Top non-repeatable levels by time:
     D:5: 1710 daAuts
     D:9: 1591 daAuts
     D:6: 1364 daAuts
     D:7: 1355 daAuts
   Orc:1: 1248 daAuts
     D:3: 1136 daAuts
     D:8: 879 daAuts
     D:2: 733 daAuts
     D:4: 624 daAuts
     D:1: 619 daAuts
  Bailey: 567 daAuts
 Ossuary: 231 daAuts
   Orc:2: 108 daAuts
